 Dungeon Crawl Stone Soup version 0.30.1-11-g7821555f0a (webtiles) character file.

Game seed: 12405887509969687749

18080 Chiseanne the Fighter (level 12, -4/98 HPs)
             Began as a Demonspawn Wanderer on Nov 26, 2023.
             Was an Initiate of Gozag.
             Killed by divine providence
             ... invoked by a daeva
              (14 damage)
             ... on level 2 of the Abyss.
             The game lasted 00:37:06 (14231 turns).

Chiseanne the Fighter (Demonspawn Wanderer)        Turns: 14231, Time: 00:37:07

Health: -4/98      AC: 22    Str: 15    XL:     12   Next: 24%
Magic:  0/18       EV: 14    Int: 11    God:    Gozag
Gold:   701        SH: 17    Dex: 24    Spells: 20/20 levels left

rFire   . . .        a - +6 long sword of Linearity {flame, Dex+2}
rCold   . . .        c - +1 buckler
rNeg    + + .        H - +0 plate armour {rN+}
rPois   .            m - +0 helmet
rElec   .            b - +2 cloak {rCorr}
rCorr   +            F - +1 pair of gloves
SInv    .            D - +0 pair of boots
Will    .....        C - brooch of Shielding {Spirit SH+8} Stlth
                     r - ring of positive energy
HPRegen 0.36/turn    G - ring "Begren" {EV+5 Slay+3}
MPRegen 0.16/turn

%: guardian spirit
@: about to teleport, gold aura
A: thin skeletal structure 2, demonic guardian 2
a: Renounce Religion, Potion Petition, Call Merchant, Bribe Branch


You were on level 2 of the Abyss.
You worshipped Gozag.
Gozag was pleased with you.
You visited 3 branches of the dungeon, and saw 15 of its levels.
You visited the Abyss 1 time.

You collected 2443 gold pieces.
You spent 1632 gold pieces at shops.
You paid 110 gold pieces to Gozag.

Inventory:

Hand Weapons
 a - the +6 long sword of Linearity (weapon) {flame, Dex+2}
   (You found it on level 10 of the Dungeon)

   Dex:       It affects your dexterity (+2).
 d - a +0 whip of electrocution
 s - a +2 short sword of protection
 N - a +5 war axe
 O - a +3 short sword of venom
Missiles
 j - 5 javelins (quivered)
 x - 15 boomerangs
 A - 34 poisoned darts
 L - 2 silver boomerangs
Armour
 b - a +2 cloak of preservation (worn)
 c - a +1 buckler (worn)
 m - a +0 helmet (worn)
 D - a +0 pair of boots (worn)
 F - a +1 pair of gloves (worn)
 H - a +0 plate armour of positive energy (worn)
 M - a +2 robe of resistance
Jewellery
 r - a ring of positive energy (left hand)
 C - the brooch of Shielding (around neck) {Spirit SH+8}
   (You bought it in a shop on level 5 of the Dungeon)

   [amulet of guardian spirit]

   It causes incoming damage to be divided between your reserves of health and
   magic.
   SH:        It affects your SH (+8).
 G - the ring "Begren" (right hand) {EV+5 Slay+3}
   (You bought it in a shop on level 5 of the Dungeon)

   [ring of evasion]

   EV:        It affects your evasion (+5).
   Slay:      It affects your accuracy & damage with ranged weapons and melee
   (+3).
 I - a ring of fire
Wands
 l - a wand of iceblast (2)
 z - a wand of acid (1)
Scrolls
 i - 3 scrolls of teleportation
 q - 5 scrolls of amnesia
 E - a scroll of magic mapping
 K - a scroll of blinking
Potions
 e - a potion of attraction {unknown}
 f - 2 potions of haste
 g - 3 potions of cancellation
 k - 5 potions of mutation
 n - 3 potions of magic
 o - 4 potions of curing
 p - a potion of lignification {unknown}
 t - 4 potions of brilliance
 v - 2 potions of flight {unknown}
 w - a potion of heal wounds {unknown}
 B - 3 potions of resistance
 J - a potion of berserk rage


   Skills:
 * Level 10.3 Fighting
 - Level 3.6 Short Blades
 - Level 1.7 Staves
 - Level 1.0 Throwing
 * Level 9.4 Armour
 - Level 8.1 Dodging
 * Level 9.5 Shields
 * Level 4.5 Spellcasting


You had 20 spell levels left.
You didn't know any spells.
Your spell library contained the following spells:

 Spells                   Type           Power      Damage    Failure   Level
 Lesser Beckoning         Tloc           4%         N/A       100%        2
 Scorch                   Fire           4%         2d5       100%        2
 Sublimation of Blood     Necr           2%         N/A       100%        2
 Call Canine Familiar     Summ           2%         N/A       100%        3
 Gell's Gravitas          Tloc           2%         N/A       100%        3
 Portal Projectile        Hex/Tloc       4%         N/A       100%        3
 Teleport Other           Tloc           2%         N/A       100%        3
 Flame Wave               Conj/Fire      2%         2d4       100%        4
 Leda's Liquefaction      Hex/Erth       1%         N/A       100%        4
 Petrify                  Tmut/Erth      2%         N/A       100%        4
 Irradiate                Conj/Tmut      1%         3d12      100%        5
 Summon Cactus Giant      Summ           1%         N/A       100%        6


Dungeon Overview and Level Annotations

Branches:
Dungeon (12/15)            Temple (1/1) D:6            Lair (0/5) D:11
    Orc (2/2) D:11
    Elf: Orc:2

Altars:
Ashenzari
Cheibriados
Dithmenos
Gozag
Hepliaklqana
Kikubaaqudgha
Makhleb
Nemelex Xobeh
Okawaru
Qazlal
Ru
Sif Muna
Uskayaw
Vehumet
Wu Jian
Xom

Shops:
D:5 ==   D:7 =

Portals:
Trove: D:10 (give 6 scrolls of blinking)

Annotations:
D:3 2 transporters, kalagan's ghost, amateur DECj
D:4 Eustachio
D:6 2 runed translucent doors
D:10 3 runed translucent doors, Hawk2023's ghost, journeyman GnFi; laros's ghost, novice MiBe
D:11 Donald
Temple 2 transporters


Innate Abilities, Weirdness & Mutations

You have a moderately thin skeletal structure. (Dex +4, Stealth++)
A demonic guardian rushes to your aid.


Message History

The hell hog breathes fire at you.
The fireball explodes!
The fireball engulfs you but does no damage.
The fireball engulfs the hell hog.
The hell hog completely resists.
You hear an angry squeal. x2
The hell hog attacks as you move away! The hell hog misses you.
The white imp gestures at you.
The puff of frost hits you but does no damage.
You block the hell hog's attack. The hell hog attacks as you move away!
The hell hog misses you.
A hell hog comes into view.
As you read the scroll of teleportation, it crumbles to dust.
You feel strangely unstable.
You feel the power of the Abyss delaying your translocation!
The hell hog bites you but does no damage.
The hell hog attacks as you move away!
The hell hog bites you but does no damage.
The hell hog breathes fire at you.
The fireball explodes!
The fireball engulfs you!!
The fireball engulfs the white imp!!
The white imp is burned terribly!
The white imp dies!
You block the hell hog's attack.
The daeva calls down the wrath of the Shining One upon you.
The Shining One smites you!
You see here 5 gold pieces.
You now have 701 gold pieces (gained 5).
The hell hog breathes fire at you.
The fireball explodes!
The fireball engulfs you!!
* * * LOW HITPOINT WARNING * * *
The fireball engulfs the hell hog.
The hell hog completely resists.
The daeva calls down the wrath of the Shining One upon you.
The Shining One smites you!
* * * LOW HITPOINT WARNING * * *
A demonic guardian appears!
The hell hog bites you but does no damage.
The hell hog bites your hellwing.
The daeva calls down the wrath of the Shining One upon you.
The Shining One smites you!
You die...
Your body crumbles into a pile of gold.

.## .######.......# . #
......#. #. # . ## .#
###... .......#.# . .#
##.#.#.#...##..# # . #
.##.. #.###...#... . #.
#.##..#...A##..#
###...##....#..#. ##...
#.....#.##.....##.......
#..###@..#. #..###.
###.#4..#....#.. #
#.│.h.h.# ###..
...#X│##.####. # .##.
#X# .# ..#....V.#
#.#....##.# # ..# h .##
#.. #


You could see a daeva, a tentacled starspawn, 2 hell hogs, a large abomination
and a friendly hellwing (summoned).

Vanquished Creatures
  A tentacled starspawn (Abyss:2)
  Josephine (D:10)
  2 two-headed ogres
  A soul eater (D:9)
  Amaemon (D:10)
  An orc sorcerer (Orc:1)
  An ugly thing (D:12)
  A cyclops (D:11)
  A manticore (D:12)
  2 orange demons
  2 unseen horrors
  A red devil (D:9)
  A komodo dragon (D:11)
  3 trolls
  A shadow (D:12)
  6 yaks
  A wyvern (D:9)
  6 wraiths
  3 vampire mosquitoes
  2 steam dragons
  2 wargs
  An acid dragon (D:10)
  Duvessa (D:6)
  6 water moccasins (D:11)
  2 ice beasts
  A sky beast (D:7)
  6 orc warriors
  3 black bears
  3 ogres
  10 centaurs
  3 kobold brigands
  A bullfrog (D:7)
  A gnoll sergeant (D:8)
  12 wights
  Dowan (D:6)
  3 killer bees
  4 howler monkeys
  A quasit (D:8)
  A hound (D:4)
  7 orc priests
  4 jellies
  Crazy Yiuf (D:4)
  2 sleepcaps
  An iguana (D:6)
  Natasha (thrice) (D:5)
  11 orc wizards
  Robin (D:5)
  9 gnolls
  9 adders
  2 white imps (D:6)
  An ufetubus (D:7)
  2 worms
  4 dart slugs
  55 orcs
  2 bat zombies (D:3)
  5 endoplasms
  2 giant cockroaches (D:4)
  14 goblins
  10 hobgoblins
  5 quokkas
  5 ball pythons
  3 bats
  3 frilled lizards
  23 kobolds
  3 rats
287 creatures vanquished.

Vanquished Creatures (collateral kills)
  Psyche (D:11)
  6 yaks
  A steam dragon (D:7)
  A water moccasin (D:5)
  2 orc warriors (D:8)
  3 black bears
  An ogre (D:6)
  2 wights (D:8)
  An orc priest (D:8)
  A gnoll bouda (D:6)
  A sleepcap (D:5)
  An iguana (D:6)
  An orc wizard (D:5)
  A white imp (D:6)
  A worm (D:5)
  An orc (D:8)
25 creatures vanquished.

Vanquished Creatures (others)
  A white imp (Abyss:2)
  3 starspawn tentacles (Abyss:2)
4 creatures vanquished.

Grand Total: 316 creatures vanquished

Notes
Turn   | Place    | Note
-------+----------+-------------------------------------------
     0 | D:1      | Chiseanne the Demonspawn Wanderer began the quest for the
                  | Orb.
     0 | D:1      | Chiseanne set off with the following items: a +2 short
                  | sword, a +0 quarterstaff, a +0 buckler, a potion of berserk
                  | rage, a +0 robe.
     0 | D:1      | Reached XP level 1. HP: 15/15 MP: 2/2
   460 | D:2      | Gained mutation: A weak demonic guardian rushes to your
                  | aid. [demonic ancestry]
   460 | D:2      | Reached XP level 2. HP: 21/21 MP: 3/3
   587 | D:2      | Reached skill level 1 in Dodging
   710 | D:2      | Reached XP level 3. HP: 27/27 MP: 4/4
  1120 | D:2      | Reached skill level 2 in Fighting
  1120 | D:2      | Reached skill level 1 in Armour
  1291 | D:3      | Found a transporter.
  1323 | D:3      | Gained mutation: A demonic guardian rushes to your aid.
                  | [demonic ancestry]
  1323 | D:3      | Reached XP level 4. HP: 29/33 MP: 5/5
  1339 | D:3      | Found a transporter.
  1356 | D:3      | Found a faded altar of an unknown god.
  1374 | D:3      | Noticed kalagan's ghost (amateur DECj)
  1576 | D:3      | Found a shadowy altar of Dithmenos.
  1983 | D:3      | Found an ancient bone altar of Kikubaaqudgha.
  2111 | D:4      | Noticed a black bear
  2127 | D:4      | Killed a black bear
  2128 | D:4      | Gained mutation: You have a somewhat thin skeletal
                  | structure. (Dex +2, Stealth+) [demonic ancestry]
  2128 | D:4      | Reached XP level 5. HP: 33/40 MP: 6/6
  2215 | D:4      | Reached skill level 3 in Fighting
  2336 | D:4      | Noticed a black bear
  2365 | D:3      | Killed a black bear
  2366 | D:3      | Reached XP level 6. HP: 16/47 MP: 7/7
  3144 | D:4      | Noticed Natasha
  3149 | D:4      | Noticed Robin
  3170 | D:5      | Entered Level 5 of the Dungeon
  3170 | D:5      | Found Seeff's Jewellery Shop.
  3251 | D:5      | Killed Robin
  3286 | D:5      | Killed Natasha
  3514 | D:4      | Found a runed translucent door.
  3515 | D:4      | Noticed Crazy Yiuf
  3525 | D:4      | Killed Crazy Yiuf
  3597 | D:5      | Noticed Natasha
  3623 | D:4      | Noticed Eustachio
  3724 | D:5      | Reached XP level 7. HP: 38/53 MP: 8/8
  3782 | D:5      | Identified the +0 scale mail "Kuphug" {rF- Dex+9}
  3927 | D:5      | Found Vootoppar's Jewellery Shoppe.
  4024 | D:5      | Killed Natasha
  4056 | D:5      | Noticed Natasha
  4066 | D:5      | Killed Natasha
  4067 | D:5      | Reached skill level 4 in Fighting
  5029 | D:6      | Found a large runed translucent door.
  5149 | D:6      | Reached XP level 8. HP: 51/61 MP: 9/9
  5294 | D:6      | Noticed Dowan
  5353 | D:6      | Reached skill level 5 in Fighting
  5461 | D:6      | Noticed a skeletal warrior
  5462 | D:6      | Chiseanne: right fuckers...level 6 but a level 12+
                  | monster..FUCK OFF AND DIE YOU IMBECILES
  5762 | D:6      | Reached skill level 5 in Shields
  5865 | D:6      | Found a large runed translucent door.
  5962 | D:6      | Found a staircase to the Ecumenical Temple.
  5969 | D:6      | Noticed Duvessa
  5972 | Temple   | Entered the Ecumenical Temple
  5972 | Temple   | Found a transporter.
  5972 | Temple   | Found a transporter.
  5974 | Temple   | Found a transporter.
  5974 | Temple   | Found a transporter.
  5989 | Temple   | Became a worshipper of Gozag Ym Sagoz the Greedy
  6031 | D:6      | Killed Duvessa
  6032 | D:6      | Reached skill level 5 in Armour
  6032 | D:6      | Reached skill level 5 in Dodging
  6035 | D:6      | Killed Dowan
  6462 | D:7      | Found Lugih's Jewellery Emporium.
  6564 | D:7      | Found a hide-covered altar of Uskayaw.
  6621 | D:7      | Reached XP level 9. HP: 46/69 MP: 10/10
  6828 | D:7      | Reached skill level 6 in Fighting
  7180 | D:8      | Noticed a two-headed ogre
  7329 | D:8      | Killed a two-headed ogre
  7949 | D:8      | Reached skill level 7 in Fighting
  8364 | D:9      | Noticed an orange demon
  8383 | D:9      | Killed an orange demon
  8384 | D:9      | Gained mutation: You have a moderately thin skeletal
                  | structure. (Dex +4, Stealth++) [demonic ancestry]
  8384 | D:9      | Reached XP level 10. HP: 49/79 MP: 11/11
  9089 | D:9      | Reached skill level 8 in Fighting
  9706 | D:5      | Bought the ring "Begren" {EV+5 Slay+3} for 722 gold pieces
  9928 | D:9      | Noticed a soul eater
  9958 | D:9      | Killed a soul eater
 10391 | D:10     | Entered Level 10 of the Dungeon
 10551 | D:10     | Reached XP level 11. HP: 62/87 MP: 12/12
 10912 | D:10     | Identified the +0 sling of Action {heavy, Dex+5}
 10984 | D:10     | Noticed Josephine
 10997 | D:10     | Killed Josephine
 11160 | D:10     | Reached skill level 9 in Fighting
 11349 | D:10     | Found a portal to a secret trove of treasure.
 11372 | D:10     | Identified the +6 long sword of Linearity {flame, Dex+2}
 11397 | D:10     | Found a runed translucent gate.
 11399 | D:10     | Found a runed translucent gate.
 11399 | D:10     | Found a runed translucent gate.
 11400 | D:10     | Noticed laros's ghost (novice MiBe)
 11401 | D:10     | Noticed Hawk2023's ghost (journeyman GnFi)
 11738 | D:5      | Bought the brooch of Shielding {Spirit SH+8} for 910 gold
                  | pieces
 11738 | D:5      | Found the brooch of Shielding {Spirit SH+8}
 11936 | D:11     | Noticed Amaemon
 11960 | D:10     | Killed Amaemon
 12171 | D:11     | Noticed Psyche
 12182 | D:11     | Killed Psyche
 12394 | D:11     | Found a staircase to the Lair.
 12607 | D:11     | Found a staircase to the Orcish Mines.
 13364 | D:12     | Noticed a brown ugly thing
 13388 | D:12     | Killed a brown ugly thing
 13389 | D:12     | Reached skill level 10 in Fighting
 13389 | D:12     | Reached XP level 12. HP: 34/97 MP: 8/17
 13586 | D:12     | Noticed a two-headed ogre
 13595 | D:12     | Killed a two-headed ogre
 13804 | D:12     | Noticed a two-headed ogre
 13923 | Orc:1    | Entered Level 1 of the Orcish Mines
 13928 | Orc:1    | Paralysed by an orc sorcerer for 3 turns
 14049 | Orc:2    | Entered Level 2 of the Orcish Mines
 14067 | Orc:2    | Noticed Donald
 14190 | Abyss:2  | Cast into level 2 of the Abyss (Donald)
 14191 | Abyss:2  | Chiseanne: FUCK YOU IDIOTS
 14195 | Abyss:2  | Noticed a tentacled starspawn
 14206 | Abyss:2  | Killed a tentacled starspawn
 14210 | Abyss:2  | Noticed a daeva
 14221 | Abyss:2  | Noticed a hell hog
 14221 | Abyss:2  | Noticed a hell hog
 14224 | Abyss:2  | Noticed a tentacled starspawn
 14226 | Abyss:2  | Noticed a hell hog
 14231 | Abyss:2  | Killed from afar by a daeva

Illustrated notes

Levels and vault maps discovered:
D:1:      eino_arrival_tree_alley, layout_rooms, grunt_decor_fettered
D:2:      layout_basic
D:3:      layout_loops_ring, mainiacjoe_overflow_concentric_impassable,
          lemuel_zombie_altar_kikubaaqudgha, gammafunk_ghost_arena,
          ebering_ecumenical_altar_webs, hex_large
D:4:      layout_basic, uniq_robin, uniq_natasha, uniq_eustachio,
          uniq_crazy_yiuf_cottage
D:5:      minmay_angry_zag, layout_gridville, serial_shops,
          nicolae_shop_back_alley_shop, nicolae_shop_hallway_stairs,
          dk_noncrumbling_4, minmay_a_box_with_orc_wizards_in_it
D:6:      cheibrodos_barr_body, layout_loops_ring, jmf_multi_god_temple2,
          minmay_temple_entry_stoned_glass, eino_small_chamber_without_monster,
          uniq_duvessa
D:7:      layout_basic, lemuel_round_altar, serial_shops,
          nicolae_shop_window_shopping
D:8:      layout_loops_cross
D:9:      layout_rooms, serial_demonic, serial_demonic_c, serial_demonic_f,
          serial_demonic_f, serial_demonic_g, serial_demonic_e
D:10:     layout_roguey [special_room_orc], gammafunk_ghost_cemetery,
          nicolae_trove_entry_crossroad, uniq_josephine
D:11:     layout_long_grid, due_lair_maze_entry_diamond, david_orc_3,
          uniq_psyche, uniq_amaemon
D:12:     layout_roguey
Temple:   hellmonk_temple_divided_pantheon
Orc:1:    layout_caves, basic_altar, serial_shops, nicolae_shop_trees,
          uniq_jorgrun
Orc:2:    st_orc_pillars, layout_diamond_mine, basic_altar, serial_shops, shop,
          shop, nicolae_shop_real_fake_doors, minmay_orc_temple_b,
          uniq_saint_roka, uniq_donald
Abyss:2:  base: Temple, evilmike_abyss_exit_chaos,
          eino_small_chamber_without_monster, minivault_27, abyss_greek_temple

Skill      XL: |  1  2  3  4  5  6  7  8  9 10 11 12 |
---------------+-------------------------------------+-----
Dodging        | 1 2 3 4 5 6 7 8 |  8.1
Fighting       | 2 3 4 5 7 8 10 | 10.3
Armour         | 1 2 3 5 6 7 9 |  9.4
Shields        | 2 3 4 5 6 7 9 |  9.5
Spellcasting   | 3 4 |  4.5
Short Blades   | |  3.6
Staves         | |  1.7
Throwing       | |  1.0

Action                     |  1- 3 |  4- 6 |  7- 9 | 10-12 || total
---------------------------+-------+-------+-------+-------++-------
  Melee: Short sword       |   102 |   238 |   459 |   265 ||  1064
         Whip              |       |       |       |   148 ||   148
         Long sword        |       |       |       |   199 ||   199
  Throw: Dart              |       |    12 |     4 |     5 ||    21
         Stone             |       |     9 |     1 |       ||    10
         Javelin           |       |       |    29 |     9 ||    38
  Evoke: Wand              |       |       |       |     7 ||     7
    Use: Scroll            |     2 |     5 |     7 |    12 ||    26
         Potion            |       |     1 |     2 |     1 ||     4
   Stab: Sleeping          |       |     1 |     1 |       ||     2
         Distracted        |       |       |       |     4 ||     4
 Armour: Scale mail        |    35 |   103 |   165 |       ||   303
         Plate armour      |       |       |     9 |   333 ||   342
  Dodge: Dodged            |    25 |   119 |   189 |   332 ||   665
  Block: Buckler           |    14 |    57 |    93 |   414 ||   578
